 Dungeon Crawl Stone Soup version 0.31-a0-188-g5e087ee2ca (webtiles) character file.

Game seed: 2753133423398207130

140 qw the Skirmisher (level 5, -2/29 HPs)
             Began as a Deep Elf Hunter on June 23, 2023.
             Slain by a goblin
             ... wielding a +0 dagger
             ... led by Robin
              (3 damage)
             ... on level 2 of the Dungeon.
             The game lasted 00:00:35 (1705 turns).

qw the Skirmisher (Deep Elf Hunter)                 Turns: 1705, Time: 00:00:36

Health: -2/29      AC:  6    Str: 10    XL:     5   Next: 2%
Magic:  7/7        EV: 11    Int: 14    God:
Gold:   24         SH:  0    Dex: 18    Spells: 4/4 levels left

rFire   . . .        Y - +1 arbalest
rCold   . . .        (shield currently unavailable)
rNeg    + . .        a - +0 ring mail
rPois   .            i - +0 helmet
rElec   .            (no cloak)
rCorr   .            (no gloves)
SInv    .            (no boots)
Will    .....        (no amulet)
Stlth   +            b - ring of positive energy
HPRegen 0.24/turn    (no ring)
MPRegen 0.10/turn

%: no passive effects
@: no status effects
A: no striking features
a: no special abilities


You were on level 2 of the Dungeon.
You visited 1 branch of the dungeon, and saw 3 of its levels.

You collected 122 gold pieces.
You spent 98 gold pieces at shops.


   Skills:
 - Level 1.5 Fighting
 + Level 8.4 Ranged Weapons
 - Level 2.4 Dodging
 - Level 1.2 Stealth


You had 4 spell levels left.
You didn't know any spells.
Your spell library was empty.

Inventory:

Hand Weapons
 Y - a +1 arbalest (weapon)
Armour
 a - a +0 ring mail (worn)
 i - a +0 helmet (worn)
Jewellery
 b - a ring of positive energy (left hand)
Potions
 f - a potion of heal wounds {unknown}
 g - a potion of curing
 h - a potion of might

Dungeon Overview and Level Annotations

Branches:
Dungeon (3/15)

Altars:

Shops:
D:2 ((!:


Message History

The goblin closely misses you. x2; The goblin hits you but does no damage.
You climb upwards.
There is a stone staircase leading down here.
You shoot a bolt. The bolt hits Robin!
Robin is almost dead.
Robin barely misses you. The goblin closely misses you.
The goblin hits you but does no damage. The orc barely misses you.
The goblin hits you but does no damage.
You shoot a bolt. The bolt closely misses Robin.
Robin throws the goblin at you! The goblin barely misses you.
The goblin hits you but does no damage. The orc hits you with a +0 whip.
The goblin misses you.
Robin roars a battlecry!
The goblins go into a battle-frenzy!
The orc barely misses you. The goblin barely misses you.
The goblin hits you with a +0 dagger. x2
You shoot a bolt. The bolt completely misses Robin.
Robin barely misses you. The goblin closely misses you.
The goblin hits you but does no damage. The orc hits you but does no damage.
The goblin hits you with a +0 dagger. Robin misses you.
The orc barely misses you. The goblin hits you but does no damage.
The goblin barely misses you. The goblin misses you.
You shoot a bolt. The bolt hits Robin but does no damage.
Robin is almost dead.
Robin closely misses you. The goblin closely misses you.
The goblin hits you but does no damage. The orc barely misses you.
The goblin hits you but does no damage.
You shoot a bolt. The bolt hits Robin.
You kill Robin!
The orc hits you but does no damage. The goblin misses you.
The goblin hits you but does no damage. The goblin closely misses you.
The orc barely misses you. The goblin barely misses you. x2
The goblin hits you but does no damage.
You have reached level 5!
You shoot a bolt. The bolt hits the goblin!!
You kill the goblin!
The orc hits you with a +0 whip. The goblin misses you.
The goblin hits you with a +0 dagger. The orc hits you with a +0 whip.
The goblin hits you but does no damage. The goblin hits you with a +0 dagger.
You die...

#.#.#...../....)#.#......##.#
#...###.#...#.###...........##
#.......##.##................#
.....#..%......#...#.........####
.........#.#.......#.............
.......#.#.#.#.....#.......######
.........###.......#.......# #
.......#.......g.).#####...# #
.......#..#....)@g.# #...### #
########.......).o.# ###...# #
#.#.........# ###.# #
#.#.........# #.####
#.#<........# #.....
#\###'###'#.# ####\# #.....#
#.#.# ### ####### #.#.# ### #.#.#
#.#


You could see an orc and 2 goblins.

Vanquished Creatures
  Jessica (D:2)
  Robin (D:2)
  4 adders (D:2)
  2 worms (D:2)
  2 dart slugs
  3 endoplasms
  4 giant cockroaches
  9 goblins
  5 hobgoblins (D:2)
  7 jackals
  3 kobolds
  A quokka (D:1)
  8 ball pythons
  3 bats
  A frilled lizard (D:2)
54 creatures vanquished.

Notes
Turn   | Place    | Note
-------+----------+-------------------------------------------
     0 | D:1      | qw the Deep Elf Hunter began the quest for the Orb.
     0 | D:1      | Reached XP level 1. HP: 12/12 MP: 3/3
     0 | D:1      | 0 ||| qw: Version: 0.3-a-9-g12657ce
     0 | D:1      | 0 ||| qw: Game counter: 4257
     0 | D:1      | 0 ||| qw: Always use a shield: true
     0 | D:1      | 0 ||| qw: God list: Okawaru
     0 | D:1      | 0 ||| qw: Allow faded altars: false
     0 | D:1      | 0 ||| qw: Do Orc after D:15 true
     0 | D:1      | 0 ||| qw: Do second Lair branch before Depths: true
     0 | D:1      | 0 ||| qw: Lair rune preference: random
     0 | D:1      | 0 ||| qw: Plans: Normal
     0 | D:1      | 0 ||| PLANNING D:1-11
   250 | D:1      | 250 ||| SWAPPING to +0 arbalest.
   251 | D:1      | 251 ||| DROPPING +0 shortbow.
   286 | D:1      | Reached skill level 6 in Ranged Weapons
   286 | D:1      | Reached XP level 2. HP: 16/16 MP: 4/4
   299 | D:1      | Found a faded altar of an unknown god.
   377 | D:1      | 377 ||| FLEEEEING.
   385 | D:1      | 385 ||| FLEEEEING.
   748 | D:1      | 748 ||| UPGRADING to +0 helmet.
   753 | D:1      | 753 ||| READING scroll labelled TEACAN NAMAUFO.
   754 | D:1      | 754 ||| READING scroll labelled KON JARROIXOG.
   755 | D:1      | 755 ||| READING scroll labelled SIUTHR SOIMAMUT.
   756 | D:1      | 756 ||| READING scroll labelled FURITR ETADOAL.
   757 | D:1      | 757 ||| READING scroll labelled KYCURI EWOEMETUOH.
   758 | D:1      | 758 ||| DRINKING 2 murky puce potions.
   862 | D:1      | 862 ||| DROPPING scroll of butterflies.
   863 | D:1      | 863 ||| DROPPING potion of berserk rage.
   885 | D:2      | Found Lironex's Book Emporium.
  1016 | D:2      | Reached XP level 3. HP: 20/20 MP: 5/5
  1017 | D:2      | Reached skill level 7 in Ranged Weapons
  1043 | D:2      | Reached XP level 4. HP: 25/25 MP: 6/6
  1116 | D:2      | Found Huannec's Weapon Shoppe.
  1380 | D:2      | Found Hoxoymep's Antique Weapon Emporium.
  1385 | D:2      | Noticed Jessica
  1389 | D:2      | Killed Jessica
  1390 | D:2      | Reached skill level 8 in Ranged Weapons
  1406 | D:2      | 1406 ||| SHOPLISTING ichor-stained orcbow (229 gold, have
                  | 115).
  1406 | D:2      | 1406 ||| SHOPLISTING longbow (175 gold, have 115).
  1406 | D:2      | 1406 ||| SHOPLISTING runed triple crossbow (351 gold, have
                  | 115).
  1498 | D:2      | Found Unorish's Distillery.
  1504 | D:2      | 1504 ||| SHOPLISTING 2 potions of heal wounds (140 gold,
                  | have 122).
  1504 | D:2      | 1504 ||| BUYING potion of curing (42 gold).
  1504 | D:2      | Bought a potion of curing for 42 gold pieces
  1504 | D:2      | 1504 ||| SHOPLISTING potion of haste (140 gold, have 80).
  1504 | D:2      | 1504 ||| BUYING potion of might (56 gold).
  1504 | D:2      | Bought a potion of might for 56 gold pieces
  1504 | D:2      | 1504 ||| SHOPLISTING potion of might (56 gold, have 24).
  1504 | D:2      | 1504 ||| SHOPLISTING potion of mutation (112 gold, have
                  | 24).
  1504 | D:2      | 1504 ||| SHOPLISTING potion of resistance (140 gold, have
                  | 24).
  1548 | D:2      | 1548 ||| UPGRADING to +0 ring mail.
  1558 | D:2      | 1558 ||| DROPPING +0 leather armour.
  1559 | D:2      | 1559 ||| DROPPING scarf of harm.
  1560 | D:2      | 1560 ||| UPGRADING to ring of positive energy.
  1561 | D:2      | 1561 ||| DROPPING ring of wizardry.
  1606 | D:3      | Noticed Robin
  1607 | D:3      | 1607 ||| PLANNING SEWER
  1610 | D:3      | 1610 ||| STAIRDANCE
  1698 | D:3      | 1698 ||| STAIRDANCE
  1702 | D:2      | HP: 4/25 [goblin/+0 dagger[Robin] (4)]
  1704 | D:2      | Killed Robin
  1705 | D:2      | Reached XP level 5. HP: 6/29 MP: 7/7
  1705 | D:2      | HP: 1/29 [orc/+0 whip (1)]
  1705 | D:2      | Slain by a goblin

Levels and vault maps discovered:
D:1:      saegor_arrival_fortress, layout_loops_ring,
          hellmonk_ecumenical_altar_dog_temple, chequers_arboretum,
          chequers_serial_rivers_micro_e, minmay_misc_feat_five,
          minmay_tromino_v4_b
D:2:      layout_basic, serial_shops, nicolae_book_shop_shelving,
          nicolae_shop_just_a_little_nook, shop, shop, minmay_fractal_squares_5,
          uniq_jessica
D:3:      corexii_shack_village, layout_loops_ring, gup_sewer_entry_pipe,
          uniq_natasha, uniq_terence, uniq_robin

Skill      XL: |  1  2  3  4 |
---------------+-------------+-----
Ranged Weapons | 6 7 8 |  8.4
Fighting       | |  1.5
Dodging        | |  2.4
Stealth        | |  1.2

Action                     |  1- 3 |  4- 6 || total
---------------------------+-------+-------++-------
   Fire: Shortbow          |    16 |       ||    16
         Arbalest          |    35 |    51 ||    86
    Use: Scroll            |     5 |       ||     5
         Potion            |     1 |       ||     1
 Armour: Leather armour    |     1 |     3 ||     4
         Ring mail         |       |    29 ||    29
  Dodge: Dodged            |    11 |    61 ||    72

Table legend:
 A = Non-vault XP
 B = Vault XP
 C = Vault XP percentage of total XP
 D = Non-vault monster count
 E = Vault monster count
 F = Vault count percentage of total count
                 A         B        C        D         E       F
            +---------+---------+-------+---------+---------+-------
      Total |      84 |     119 |  58.6 |      35 |      19 |  35.2
            +---------+---------+-------+---------+---------+-------
        D:1 |      22 |       8 |  26.7 |      11 |       4 |  26.7
        D:2 |      62 |     108 |  63.5 |      24 |      13 |  35.1
        D:3 |       0 |       3 | 100.0 |       0 |       2 | 100.0
            +---------+---------+-------+---------+---------+-------
